 Dungeon Crawl Stone Soup version 0.27-a0-594-g2aaa8dbbc2 (webtiles) character file.

Game seed: 17514936019656405086

5677 Azunone the Protected (level 10, -1/71 HPs)
             Began as a Gnoll Wanderer on Mar 11, 2021.
             Was an Initiate of Ru.
             Slain by Snorg (17 damage)
             ... on level 10 of the Dungeon.
             The game lasted 00:48:12 (13711 turns).

Azunone the Protected (Gnoll Wanderer)             Turns: 13711, Time: 00:48:13

Health: -1/71      AC:  9    Str: 16    XL:     10   Next: 75%
Magic:  0/18       EV: 12    Int: 12    God:    Ru [......]
Gold:   259        SH:  5    Dex: 12    Spells: 9/20 levels left

rFire    . . .     SeeInvis .   R - +10 trident "Aclocy" {vorpal, +Blink rN+}
rCold    + . .     Faith    .   T - +0 buckler
rNeg     + . .     Spirit   +   s - +0 ring mail
rPois    +         Reflect  .   (no helmet)
rElec    .         Harm     .   (no cloak)
rCorr    .         Rampage  .   c - +0 pair of gloves
Will     .....     Clarity  +   I - +0 pair of boots
Stlth    ..........             d - amulet of guardian spirit
HPRegen  0.21/turn              o - ring of protection from cold
MPRegen  0.16/turn              z - ring of poison resistance

@: very slightly contaminated
A: fangs 1, clarity, frail 1, strong 1, wild magic 1, no stealth, strong nose,
distributed training
a: Renounce Religion, Evoke Blink


You were on level 10 of the Dungeon.
You worshipped Ru.
Ru was noncommittal.
You visited 2 branches of the dungeon, and saw 11 of its levels.

You collected 488 gold pieces.
You spent 229 gold pieces at shops.

Inventory:

Hand Weapons
 v - a +2 short sword of venom
 F - a +0 vorpal shortbow
 N - a +1 war axe of electrocution
 P - a +4 shortbow
 R - the +10 trident "Aclocy" (weapon) {vorpal, +Blink rN+}
   (You bought it in a shop on level 8 of the Dungeon)

   It inflicts extra damage upon your enemies.
   It protects you from negative energy.
   It lets you blink.
 S - a +1 great mace of holy wrath
Missiles
 b - a curare-tipped dart
 i - a boomerang (quivered)
 k - 4 datura-tipped darts
 p - 18 poisoned darts
 J - 138 arrows
 U - 8 javelins
Armour
 c - a +0 pair of gloves (worn)
 s - a +0 ring mail (worn)
 H - a +0 kite shield
 I - a +0 pair of boots (worn)
 T - a +0 buckler (worn)
Jewellery
 d - an amulet of guardian spirit (around neck)
 f - a +6 ring of intelligence
 o - a ring of protection from cold (right hand)
 z - a ring of poison resistance (left hand)
 G - a ring of magical power
Wands
 e - a wand of iceblast (24)
 g - a wand of polymorph (6)
 n - a wand of digging (7)
Scrolls
 h - 9 scrolls of teleportation
 m - 3 scrolls of blinking {unknown}
 q - 2 scrolls of enchant armour {unknown}
 t - 6 scrolls of amnesia {unknown}
 w - 4 scrolls of magic mapping
 x - a scroll of fog {unknown}
 y - a scroll of enchant weapon {unknown}
 A - 3 scrolls of immolation {unknown}
 D - 2 scrolls of torment {unknown}
 E - a scroll of acquirement {unknown}
 M - a scroll of fear {unknown}
Potions
 a - a potion of berserk rage {unknown}
 j - 4 potions of flight
 l - 2 potions of haste
 r - a potion of might
 B - 5 potions of curing
 C - a potion of attraction
 K - a potion of heal wounds
 L - a potion of lignification {unknown}
 O - a potion of degeneration
 Q - a potion of brilliance


   Skills:
 + Level 7.3 Fighting
 + Level 5.5 Short Blades
 + Level 5.5 Long Blades
 + Level 5.5 Axes
 + Level 5.5 Maces & Flails
 + Level 5.5 Polearms
 + Level 5.5 Staves
 + Level 5.5 Slings
 + Level 5.5 Bows
 + Level 5.5 Crossbows
 + Level 6.2 Throwing
 + Level 8.7 Armour
 + Level 5.5 Dodging
   Level 0.0 Stealth
 + Level 6.2 Shields
 + Level 5.5 Unarmed Combat
 + Level 5.5 Spellcasting
 + Level 4.6 Conjurations
 + Level 4.6 Hexes
 + Level 7.2 Summonings
 + Level 4.6 Necromancy
 + Level 4.6 Translocations
 + Level 4.6 Transmutations
 + Level 4.6 Fire Magic
 + Level 4.6 Ice Magic
 + Level 4.6 Air Magic
 + Level 4.6 Earth Magic
 + Level 4.6 Poison Magic
 + Level 6.1 Invocations
 + Level 5.5 Evocations


You had 9 spell levels left.
You knew the following spells:

 Your Spells              Type           Power      Damage    Failure   Level
a - Foxfire               Conj/Fire      72%        2x1d7     8%          1
b - Ignite Poison         Fire/Tmut/Pois 18%        N/A       21%         3
c - Call Canine Familiar  Summ           27%        N/A       8%          3
d - Summon Guardian Gole  Hex/Summ       22%        N/A       13%         3
e - Corona                Hex            20%        N/A       8%          1

Your spell library contained the following spells:

 Spells                   Type           Power      Damage    Failure   Level
 Summon Small Mammal      Summ           100%       N/A       3%          1
 Call Imp                 Summ           27%        N/A       4%          2
 Ensorcelled Hibernation  Hex/Ice        36%        N/A       11%         2
 Confusing Touch          Hex            18%        N/A       21%         3
 Dazzling Flash           Conj/Hex       36%        N/A       21%         3
 Gell's Gravitas          Tloc           9%         N/A       21%         3
 Tukima's Dance           Hex            18%        N/A       21%         3
 Summon Ice Beast         Ice/Summ       22%        N/A       34%         4
 Summon Lightning Spire   Summ/Air       22%        N/A       34%         4
 Petrify                  Tmut/Erth      18%        N/A       52%         4
 Metabolic Englaciation   Hex/Ice        9%         N/A       85%         5
 Yara's Violent Unravell  Hex/Tmut       9%         3d6       85%         5


Dungeon Overview and Level Annotations

Branches:
Dungeon (10/15)            Temple (1/1) D:7
   Lair: D:8-11         Orc: D:9-12

Altars:
Ashenzari
Cheibriados
Dithmenos
Elyvilon
Fedhas
Gozag
Hepliaklqana
Kikubaaqudgha
Makhleb
Nemelex Xobeh
Okawaru
Qazlal
Ru
Sif Muna
Trog
Uskayaw
Vehumet
Wu Jian
Xom
Yredelemnul
Zin
The Shining One

Shops:
D:4 *   D:8 =((

Portals:
Trove: D:10 (give 2 scrolls of acquirement)

Annotations:
D:5 3 runed translucent doors, Jano's ghost, novice DrTm
D:10 Snorg


Innate Abilities, Weirdness & Mutations

You have very sharp teeth.
You cannot be stealthy.
Your uncanny sense of smell can sniff out nearby items.
Your experience applies equally to all skills.
You possess an exceptional clarity of mind.
You are frail. (-10% HP)
Your muscles are strong. (Str +2)
Your spells are a little harder to cast, but a little more powerful.


Message History

You throw a poisoned dart. The poisoned dart hits Snorg!
Snorg looks even sicker.
Snorg is lightly wounded.
Throw: 19 darts (poison)
Press: ? - help, Shift-Dir - straight line, f/p - Snorg
Aim: Snorg (lightly wounded, very poisoned, slow, softly glowing, ally target, 81% to hit)
You throw a poisoned dart. The poisoned dart hits Snorg.
Snorg looks as sick as possible!
Snorg is lightly wounded.
Casting: Summon Guardian Golem (dangerous; 13% risk of failure)
Confirm with . or Enter, or press ? or * to list all spells.
You miscast Call Canine Familiar.
You are very lightly contaminated with residual magic.
Nothing appears to happen.
Snorg is no longer moving slowly.
Snorg stops glowing.
Casting: Call Canine Familiar (dangerous; 8% risk of failure)
Confirm with . or Enter, or press ? or * to list all spells.
You miscast Ignite Poison.
Fire whirls out from your hands!
Casting: Ignite Poison (dangerous; 21% risk of failure)
Confirm with . or Enter, or press ? or * to list all spells.
You ignite the poison in your surroundings!
Snorg seems to burn from within!!!
Snorg is heavily wounded.
You hit Snorg.
Snorg is severely wounded.
Snorg bites you! Snorg misses you. Snorg claws you!
You puncture Snorg! Your bite misses Snorg.
Snorg is severely wounded.
Snorg bites you but does no damage. Snorg claws you but does no damage.
Snorg claws you!
You impale Snorg!!
Snorg is almost dead.
Snorg goes berserk!
Snorg rages.
Snorg bites you! Snorg claws you. You block Snorg's attack.
Snorg bites you but does no damage. You block Snorg's attack. Snorg claws you!
Snorg bites you!
* * * LOW HITPOINT WARNING * * *
Snorg claws you!!
You die...

#...#....#....#...#.....#.
#...#....#....#...#.....#.
#...#....#....#...#.....#.
#####....##...##..####'##.
#...##....######..##....#.
#....#....#.......#.....#.
#....'....#.......#.....#.
#....#....#.......#.....#.
#....#...@#.......+.....#.
#....#...T#...##..#.....#.
#....#...8#...##..##....#.
#....#....#...######....#.
#....'....'...'.........#.
#...##....######........#.
#########......#..<.....#.
#.......'......#........#.
#.......#......#........#.


You could see Snorg (berserk, ally target) and a friendly guardian golem
(summoned).

Vanquished Creatures
  3 two-headed ogres
  A troll (D:7)
  Grinder (D:5)
  A steam dragon (D:9)
  Duvessa (D:6)
  A water moccasin (D:9)
  An ice beast (D:6)
  2 orc warriors
  A sky beast (D:8)
  A necrophage (D:7)
  3 centaurs
  3 ogres
  2 phantoms
  A kobold brigand (D:10)
  5 bullfrogs
  A water moccasin zombie (D:10)
  2 scorpions
  A wyvern zombie (D:6)
  5 killer bees (D:10)
  A water moccasin skeleton (D:5)
  3 wights (D:6)
  A bullfrog zombie (D:5)
  3 hounds
  An orc priest (D:8)
  A bullfrog skeleton (D:6)
  A centaur skeleton (D:5)
  Jessica (D:3)
  Ijyb (D:5)
  5 orc wizards
  6 worker ants
  A killer bee zombie (D:8)
  A hound zombie (D:5)
  3 worker ant zombies
  A gnoll (D:4)
  13 adders
  A shadow imp (D:7)
  3 white imps
  An ufetubus (D:10)
  3 adder zombies
  3 worms
  5 dart slugs
  6 leopard geckos
  17 orcs
  14 bats
  8 giant cockroaches
  10 goblins
  10 hobgoblins
  6 jackals
  6 quokkas
  7 frilled lizards
  A jackal zombie (D:5)
  18 kobolds
  A leopard gecko skeleton (D:4)
  2 leopard gecko zombies
  A quokka skeleton (D:5)
  A quokka zombie (D:5)
  7 rats
210 creatures vanquished.

Vanquished Creatures (collateral kills)
  Dowan (D:6)
  3 scorpions (D:5)
  2 orc priests
  6 orcs
  A frilled lizard (D:4)
13 creatures vanquished.

Vanquished Creatures (others)
  A scorpion (D:5)
  An ogre (D:9)
  A centaur (D:9)
  An orc wizard (D:9)
  An orc (D:4)
  17 foxfires
  18 fungi (D:5)
  A withered plant (D:5)
41 creatures vanquished.

Grand Total: 264 creatures vanquished

Notes
Turn   | Place    | Note
-------+----------+-------------------------------------------
     0 | D:1      | Azunone the Gnoll Wanderer began the quest for the Orb.
     0 | D:1      | Azunone set off with the following items: a +2 dagger, 4
                  | curare-tipped darts, a +0 spear, a +0 robe; and the
                  | following spell memorised: Foxfire; and the following
                  | spells available to memorise: Ignite Poison
     0 | D:1      | Reached XP level 1. HP: 20/20 MP: 1/1
   243 | D:1      | Reached XP level 2. HP: 20/26 MP: 2/2
   907 | D:1      | Reached XP level 3. HP: 22/31 MP: 3/3
  1479 | D:2      | Reached skill level 1 in Invocations
  2005 | D:2      | Reached skill level 1 in Short Blades
  2005 | D:2      | Reached skill level 1 in Long Blades
  2005 | D:2      | Reached skill level 1 in Axes
  2005 | D:2      | Reached skill level 1 in Maces & Flails
  2005 | D:2      | Reached skill level 1 in Polearms
  2005 | D:2      | Reached skill level 1 in Staves
  2005 | D:2      | Reached skill level 1 in Slings
  2005 | D:2      | Reached skill level 1 in Bows
  2005 | D:2      | Reached skill level 1 in Crossbows
  2005 | D:2      | Reached skill level 1 in Dodging
  2005 | D:2      | Reached skill level 1 in Stealth
  2005 | D:2      | Reached skill level 1 in Unarmed Combat
  2005 | D:2      | Reached skill level 1 in Spellcasting
  2005 | D:2      | Reached skill level 1 in Evocations
  2005 | D:2      | Reached XP level 4. HP: 25/38 MP: 5/5
  2441 | D:2      | Reached skill level 1 in Conjurations
  2441 | D:2      | Reached skill level 1 in Hexes
  2441 | D:2      | Reached skill level 1 in Necromancy
  2441 | D:2      | Reached skill level 1 in Translocations
  2441 | D:2      | Reached skill level 1 in Transmutations
  2441 | D:2      | Reached skill level 1 in Fire Magic
  2441 | D:2      | Reached skill level 1 in Ice Magic
  2441 | D:2      | Reached skill level 1 in Air Magic
  2441 | D:2      | Reached skill level 1 in Earth Magic
  2441 | D:2      | Reached skill level 1 in Poison Magic
  3218 | D:3      | Reached XP level 5. HP: 43/43 MP: 2/6
  3474 | D:3      | Noticed Jessica
  3488 | D:3      | Killed Jessica
  3626 | D:3      | Learned a level 3 spell: Ignite Poison
  4021 | D:3      | Found a faded altar of an unknown god.
  4622 | D:4      | Reached XP level 6. HP: 47/50 MP: 8/8
  4630 | D:4      | Found Bemoziasch's General Store.
  4894 | D:4      | Reached skill level 5 in Fighting
  5635 | D:5      | Entered Level 5 of the Dungeon
  5780 | D:5      | Reached XP level 7. HP: 56/56 MP: 10/10
  5805 | D:5      | Reached skill level 7 in Armour
  6371 | D:5      | Found a runed translucent gate.
  6372 | D:5      | Found a runed translucent gate.
  6373 | D:5      | Found a runed translucent gate.
  6374 | D:5      | Noticed a troll
  6382 | D:5      | Noticed Jano's ghost (novice DrTm)
  6398 | D:5      | Noticed Ijyb
  6426 | D:5      | Killed Ijyb
  6874 | D:5      | Noticed Grinder
  6896 | D:5      | Paralysed by Grinder for 6 turns
  6940 | D:5      | Paralysed by Grinder for 7 turns
  6949 | D:5      | Killed Grinder
  6950 | D:5      | Reached XP level 8. HP: 17/63 MP: 7/12
  7286 | D:6      | Gained mutation: Your spells are a little harder to cast,
                  | but a little more powerful. [potion of mutation]
  7286 | D:6      | Gained mutation: You possess an exceptional clarity of
                  | mind. [potion of mutation]
  7286 | D:6      | Gained mutation: You are frail. (-10% HP) [potion of
                  | mutation]
  7286 | D:6      | Gained mutation: Your muscles are strong. (Str +2) [potion
                  | of mutation]
  7767 | D:6      | HP: 1/49 [wyvern zombie (6)]
  8183 | D:6      | Found a shimmering altar of Xom.
  8737 | D:6      | Noticed Dowan
  8739 | D:6      | Noticed Duvessa
  8742 | D:6      | Killed Dowan
  8782 | D:6      | Killed Duvessa
  9257 | D:6      | Reached XP level 9. HP: 34/62 MP: 7/14
 10038 | D:7      | Found a staircase to the Ecumenical Temple.
 10044 | Temple   | Entered the Ecumenical Temple
 10167 | Temple   | Became a worshipper of Ru the Awakened
 10318 | D:8      | Noticed a troll
 10343 | D:7      | Killed a troll
 10344 | D:7      | Reached skill level 5 in Throwing
 10344 | D:7      | Reached skill level 5 in Shields
 10696 | D:8      | Found Sajowy's Jewellery Shoppe.
 10808 | D:8      | Found Cecvon's Antique Weapon Shoppe.
 10847 | D:8      | Reached skill level 8 in Armour
 10857 | D:8      | Reached skill level 5 in Invocations
 11011 | D:8      | Found Iwnaxysch's Antique Weapon Shoppe.
 11601 | D:9      | Noticed a two-headed ogre
 11633 | D:9      | Killed a two-headed ogre
 11634 | D:9      | Reached skill level 5 in Short Blades
 11634 | D:9      | Reached skill level 5 in Long Blades
 11634 | D:9      | Reached skill level 5 in Axes
 11634 | D:9      | Reached skill level 5 in Maces & Flails
 11634 | D:9      | Reached skill level 5 in Polearms
 11634 | D:9      | Reached skill level 5 in Staves
 11634 | D:9      | Reached skill level 5 in Slings
 11634 | D:9      | Reached skill level 5 in Bows
 11634 | D:9      | Reached skill level 5 in Crossbows
 11634 | D:9      | Reached skill level 5 in Dodging
 11634 | D:9      | Reached skill level 5 in Stealth
 11634 | D:9      | Reached skill level 5 in Unarmed Combat
 11634 | D:9      | Reached skill level 5 in Spellcasting
 11634 | D:9      | Reached skill level 5 in Evocations
 11634 | D:9      | Reached XP level 10. HP: 38/69 MP: 7/17
 11822 | D:9      | Learned a level 3 spell: Call Canine Familiar
 11826 | D:9      | Learned a level 3 spell: Summon Guardian Golem
 12010 | D:9      | Learned a level 1 spell: Corona
 12483 | D:8      | Bought a pitted trident for 229 gold pieces
 12483 | D:8      | Identified the +10 trident "Aclocy" {vorpal, +Blink rN+}
                  | (You bought it in a shop on level 8 of the Dungeon)
 12527 | D:10     | Entered Level 10 of the Dungeon
 12541 | D:10     | Gained mutation: You cannot be stealthy. [Ru sacrifice]
 12599 | D:10     | Noticed Snorg
 13080 | D:10     | Noticed a two-headed ogre
 13093 | D:10     | Killed a two-headed ogre
 13371 | D:10     | Noticed a two-headed ogre
 13381 | D:10     | Killed a two-headed ogre
 13449 | D:10     | Found a portal to a secret trove of treasure.
 13711 | D:10     | Slain by Snorg

Illustrated notes

Levels and vault maps discovered:
D:1:      dpeg_arrival_water_temple_mockup, layout_basic
D:2:      layout_basic, kennysheep_generic_room_2
D:3:      layout_rooms, chequers_ecumenical_altar_simple_redux, uniq_jessica
D:4:      layout_loops_ring, serial_shops, shop, minmay_cut_off
D:5:      old_forge, layout_cave_pools, gammafunk_ghost_split, serial_undead,
          serial_undead_e, serial_undead_f, serial_undead_a, serial_undead_b,
          serial_undead_e, uniq_grinder, uniq_ijyb
D:6:      layout_rooms, old_standard_altar, uniq_duvessa
D:7:      layout_loops_ring, minmay_temple_entry_nine_rooms,
          kennysheep_generic_room_10
D:8:      layout_rooms, serial_shops, shop, shop,
          nicolae_shop_temple_entry_statues_fountains, lemuel_flame_loot_1
D:9:      layout_long_grid
D:10:     layout_gridville, nicolae_trove_entry_columns, item_on_display_a,
          uniq_snorg
Temple:   kilobyte_greek_temple

Skill      XL: |  1  2  3  4  5  6  7  8  9 10 |
---------------+-------------------------------+-----
Invocations    | 1 2 3 4 5 6 |  6.1
Short Blades   | 1 2 3 5 |  5.5
Long Blades    | 1 2 3 5 |  5.5
Axes           | 1 2 3 5 |  5.5
Maces & Flails | 1 2 3 5 |  5.5
Polearms       | 1 2 3 5 |  5.5
Staves         | 1 2 3 5 |  5.5
Slings         | 1 2 3 5 |  5.5
Bows           | 1 2 3 5 |  5.5
Crossbows      | 1 2 3 5 |  5.5
Dodging        | 1 2 3 5 |  5.5
Stealth        | 1 2 3 5 0 |  0.0
Unarmed Combat | 1 2 3 5 |  5.5
Spellcasting   | 1 2 3 5 |  5.5
Evocations     | 1 2 3 5 |  5.5
Conjurations   | 1 2 3 4 |  4.6
Hexes          | 1 2 3 4 |  4.6
Necromancy     | 1 2 3 4 |  4.6
Translocations | 1 2 3 4 |  4.6
Transmutations | 1 2 3 4 |  4.6
Fire Magic     | 1 2 3 4 |  4.6
Ice Magic      | 1 2 3 4 |  4.6
Air Magic      | 1 2 3 4 |  4.6
Earth Magic    | 1 2 3 4 |  4.6
Poison Magic   | 1 2 3 4 |  4.6
Throwing       | 3 4 5 6 |  6.2
Shields        | 3 4 5 6 |  6.2
Fighting       | 5 6 7 |  7.3
Armour         | 7 8 |  8.7
Summonings     | 6 7 |  7.2

Action                   |  1- 3 |  4- 6 |  7- 9 | 10-12 || total
-------------------------+-------+-------+-------+-------++-------
Melee: Dagger            |   113 |       |       |       ||   113
       Bite              |     9 |    20 |    28 |     1 ||    58
       Spear             |    78 |   178 |       |       ||   256
       Punch             |       |     3 |     3 |       ||     6
       Trident           |       |   112 |   284 |    67 ||   463
       War axe           |       |       |    92 |    15 ||   107
 Fire: Shortbow          |       |       |    71 |       ||    71
Throw: Dart              |       |    37 |    32 |     9 ||    78
       Boomerang         |       |       |       |     4 ||     4
       Javelin           |       |       |       |     1 ||     1
 Cast: Foxfire           |       |    12 |       |       ||    12
       Ignite Poison     |       |       |     4 |     1 ||     5
       Call Canine Famil |       |       |       |     5 ||     5
       Summon Guardian G |       |       |       |     3 ||     3
       Corona            |       |       |       |     2 ||     2
Invok: Sacrifice Stealth |       |       |       |     1 ||     1
Evoke: Wand              |       |       |     2 |       ||     2
  Use: Potion            |       |     3 |     2 |       ||     5
       Scroll            |       |       |     8 |     2 ||    10
 Stab: Sleeping          |     1 |     4 |     1 |       ||     6
       Invisible         |       |     1 |       |       ||     1
Armor: Robe              |    51 |    17 |       |       ||    68
       Ring mail         |       |    69 |   213 |    28 ||   310
Dodge: Dodged            |   141 |   136 |   279 |    40 ||   596
Block: Kite shield       |       |       |     9 |       ||     9
       Buckler           |       |       |       |    18 ||    18

Table legend: (Time is in decaauts)
 A = Elapsed time spent in this place.
 B = Non-inter-level travel time spent in this place.
 C = Inter-level travel time spent in this place.
 D = Time resting spent in this place.
 E = Time spent auto-exploring this place.
 F = Levels seen in this place.
 G = Mean time per level.
                   A        B        C        D        E       F      G
               +--------+--------+--------+--------+--------+-----+--------+
         Total |  13828 |  12963 |    865 |    856 |   9827 |  11 | 1257.1 |
       Dungeon |  13664 |  12838 |    826 |    856 |   9720 |  10 | 1366.4 |
        Temple |    163 |    124 |     39 |      0 |    107 |   1 |  163.0 |
               +--------+--------+--------+--------+--------+-----+--------+

Top non-repeatable levels by time:
     D:5: 2520 daAuts
     D:3: 1858 daAuts
     D:4: 1421 daAuts
     D:2: 1375 daAuts
     D:1: 1356 daAuts
    D:10: 1185 daAuts
     D:9: 1177 daAuts
     D:6: 1081 daAuts
     D:7: 883 daAuts
     D:8: 804 daAuts
  Temple: 163 daAuts
